 Dungeon Crawl Stone Soup version 0.21-a0-59-g7b0e191 (webtiles) character file.

77 Kidiri the Magician (level 4, -1/24 HPs)
             Began as a Deep Elf Fire Elementalist on June 15, 2017.
             Slain by minicreteconcrete's ghost (11 damage)
             ... on level 3 of the Dungeon on June 16, 2017.
             The game lasted 00:08:41 (2096 turns).

Kidiri the Magician (Deep Elf Fire Elementalist)    Turns: 2096, Time: 00:08:41

Health: -1/24      AC:  3    Str:  5    XL:     4   Next: 13%
Magic:  4/12       EV: 13    Int: 21    God:
Gold:   188        SH:  0    Dex: 15    Spells: 3/12 levels left

rFire    . . .     SeeInvis .   o - -2 dagger (curse)
rCold    . . .     Gourm    .   (no shield)
rNeg     . . .     Faith    .   a - +0 robe
rPois    .         Spirit   .   (no helmet)
rElec    .         Reflect  .   (no cloak)
rCorr    .         Harm     .   (no gloves)
MR       .....                  p - +2 pair of boots
Stlth    ++........             (no amulet)
HPRegen  0.08/turn              h - -2 ring of protection (curse)
MPRegen  0.13/turn              (no ring)

@: no status effects
A: no striking features
a: no special abilities


You were on level 3 of the Dungeon.
You were hungry.

You visited 1 branch of the dungeon, and saw 3 of its levels.

You collected 188 gold pieces.

Inventory:

Hand Weapons
 i - a +1 short sword
 o - a cursed -2 dagger (weapon)
 q - a cursed -3 short sword
Armour
 a - a +0 robe (worn)
 p - a +2 pair of boots (worn)
Jewellery
 f - an uncursed ring of fire {unknown}
 g - an uncursed amulet of guardian spirit
 h - a cursed -2 ring of protection (left hand)
Scrolls
 e - 3 scrolls of fear
 k - 2 scrolls of immolation
Potions
 l - 2 potions of might {unknown}
 m - 2 potions of curing
 n - a potion of lignification {unknown}
Books
 b - a book of Flames

   Spells                             Type                      Level
   a - Flame Tongue                   Conjuration/Fire             1
   b - Throw Flame                    Conjuration/Fire             2
   c - Conjure Flame                  Conjuration/Fire             3
   d - Inner Flame                    Hexes/Fire                   3
   e - Sticky Flame                   Conjuration/Fire             4
   f - Fireball                       Conjuration/Fire             5
Comestibles
 c - 2 bread rations
 d - 2 royal jellies
 j - 2 meat rations
 r - 3 chunks of flesh


   Skills:
 - Level 2.4 Dodging
 - Level 2.4 Stealth
 * Level 4.8 Spellcasting
 + Level 2.1 Conjurations
 + Level 4.0 Fire Magic


You had 3 spell levels left.
You knew the following spells:

 Your Spells              Type           Power        Failure   Level  Hunger
a - Flame Tongue          Conj/Fire      ###..        3%          1    None
b - Throw Flame           Conj/Fire      ###...       4%          2    None
c - Conjure Flame         Conj/Fire      ###.....     10%         3    ##.....
d - Inner Flame           Hex/Fire       ##......     14%         3    ##.....


Dungeon Overview and Level Annotations

Branches:
Dungeon (3/15)

Altars:
Cheibriados
Sif Muna
Yredelemnul

Annotations:
D:3 minicreteconcrete's ghost, novice FoFi


Message History

Press: ? - help, Shift-Dir - straight line, f/p - goblin
Aim: a goblin (inner flame)
The flame tongue misses minicreteconcrete's ghost.
The flame tongue hits the goblin.
The goblin explodes!
The fiery explosion engulfs minicreteconcrete's ghost.
Minicreteconcrete's ghost is heavily damaged.
Minicreteconcrete's ghost is engulfed in blazing flames.
Minicreteconcrete's ghost hits you!
Ouch! That really hurt!
A rat comes into view.
Casting: Flame Tongue
Confirm with . or Enter, or press ? or * to list all spells.
Aiming: Flame Tongue
Press: ? - help, Shift-Dir - straight line, f - minicreteconcrete's ghost
Aim: minicreteconcrete's ghost (flame, severely damaged)
The flame tongue misses minicreteconcrete's ghost.
Minicreteconcrete's ghost is engulfed in blazing flames.
Minicreteconcrete's ghost hits you!
You die...

#... # #..
#.#r.### #.#....#
# #.#.##.#.#.#
..###§§§K..W...#
......§§.......#
######W##.###....
#@##.# ... #.##.#
## #.##.# .
#.##... ####.##.#
#.......#
#.......#
#..####.# ##.# .#


You could see minicreteconcrete's ghost, a kobold and a rat.

Vanquished Creatures
  An adder (D:2)
  2 oozes (D:2)
  3 worms (D:2)
  3 dart slugs
  A leopard gecko (D:2)
  8 bats
  2 giant cockroaches (D:1)
  4 hobgoblins
  9 kobolds
  A ball python (D:2)
  3 frilled lizards
  2 goblins
  8 rats
47 creatures vanquished.

Notes
Turn   | Place    | Note
-------+----------+-------------------------------------------
     0 | D:1      | Kidiri the Deep Elf Fire Elementalist began the quest for the Orb.
     0 | D:1      | Reached XP level 1. HP: 10/10 MP: 6/6
     0 | D:1      | Upgraded the game from 0.21-a0-55-gb612c23 to 0.21-a0-59-g7b0e191
   441 | D:1      | Reached XP level 2. HP: 15/15 MP: 4/8
   534 | D:1      | Learned a level 2 spell: Throw Flame
  1028 | D:2      | Reached XP level 3. HP: 13/19 MP: 3/10
  1033 | D:2      | Learned a level 3 spell: Conjure Flame
  1037 | D:2      | Learned a level 3 spell: Inner Flame
  1224 | D:2      | Found a snail-covered altar of Cheibriados.
  1263 | D:2      | Found a basalt altar of Yredelemnul.
  1680 | D:2      | Found a deep blue altar of Sif Muna.
  1741 | D:2      | Reached XP level 4. HP: 24/24 MP: 8/12
  2085 | D:3      | Noticed minicreteconcrete's ghost (novice FoFi)
  2096 | D:3      | Slain by minicreteconcrete's ghost

Vault maps used:
D:1:      mrwooster_arrival_statue_2, minmay_misc_feat_tiny
D:2:      old_standard_altar, kennysheep_slug_shrine, minivault_11, led_sif_pool
D:3:      first_bread, serial_bayou_pond_d, uniq_crazy_yiuf_cottage

Skill      XL: |  1  2  3  4 |
---------------+-------------+-----
Spellcasting   | 4 |  4.8
Conjurations   | 2 |  2.1
Fire Magic     | 4 |  4.0
Dodging        | |  2.4
Stealth        | |  2.4

Action                   |  1- 3 |  4- 6 || total
-------------------------+-------+-------++-------
Melee: Unarmed           |     8 |       ||     8
       Short sword       |    15 |       ||    15
       Dagger            |       |     2 ||     2
 Cast: Flame Tongue      |    70 |    13 ||    83
       Conjure Flame     |       |     1 ||     1
       Inner Flame       |       |     1 ||     1
  Use: Scroll            |     6 |       ||     6
 Stab: Sleeping          |     5 |       ||     5
  Eat: Chunk             |     2 |     1 ||     3
Armor: Robe              |    16 |       ||    16
Dodge: Dodged            |    30 |    10 ||    40
